 Dungeon Crawl Stone Soup version 0.30-b1-5-g8e6c1be481 (webtiles) character file.

Game seed: 34702290297580830

21 Gabide the Sneak (level 2, -1/26 HPs)
             Began as a Draconian Delver on May 4, 2023.
             Slain by a hound (4 damage)
             ... on level 5 of the Dungeon.
             The game lasted 00:03:35 (117 turns).

Gabide the Sneak (Draconian Delver)                  Turns: 117, Time: 00:03:35

Health: -1/26      AC:  4    Str: 14    XL:     2   Next: 65%
Magic:  2/2        EV: 12    Int: 12    God:
Gold:   0          SH:  0    Dex: 12    Spells: 1/1 levels left

rFire   . . .        g - +8 falchion of Causality {venom, Int+2}
rCold   . . .        (no shield)
rNeg    . . .        (body armour unavailable)
rPois   .            (helmet restricted)
rElec   .            (no cloak)
rCorr   .            (no gloves)
SInv    .            (no boots)
Will    .....        (no amulet)
Stlth   +++          (no ring)
HPRegen 0.24/turn    (no ring)
MPRegen 0.08/turn

%: no passive effects
@: mighty
A: AC +4, unfitting armour, cold-blooded
a: no special abilities


You were on level 5 of the Dungeon.
You visited 1 branch of the dungeon, and saw 2 of its levels.

Inventory:

Hand Weapons
 g - the +8 falchion of Causality (weapon) {venom, Int+2}
   (You found it on level 5 of the Dungeon)

   Int:       It affects your intelligence (+2).
Wands
 e - a wand of digging (2)
 h - a wand of charming (7)
Scrolls
 a - a scroll of fog
 b - a scroll of magic mapping
 f - a scroll of teleportation {unknown}


   Skills:
 + Level 3.5 Fighting
 + Level 2.0 Dodging
 + Level 4.6 Stealth
 * Level 2.5 Unarmed Combat


You had one spell level left.
You didn't know any spells.
Your spell library was empty.

Dungeon Overview and Level Annotations

Branches:
Dungeon (6/15)
 Temple: D:4-7

Altars:
Vehumet

Annotations:
D:5 exclusion: iguana, Grinder, Prince Ribbit


Innate Abilities, Weirdness & Mutations

Your plain brown scales are hard. (AC +4)
You cannot fit into any form of body armour.
You are cold-blooded and may be slowed by cold attacks.


Message History

The orc misses Grinder.
Grinder gestures at Prince Ribbit.
The jackal suddenly stops moving!
The jackal attacks as you move away! The jackal bites you.
The hound closely misses you. The hound bites you but does no damage.
The jackal attacks as you move away! The jackal closely misses you.
The orc hits you with a +0 flail!
Grinder gestures at Prince Ribbit.
Prince Ribbit writhes in agony.
The hound attacks as you move away! The hound bites you.
Grinder closely misses Prince Ribbit.
The orc attacks as you move away! The orc barely misses you.
The hound attacks as you move away! The hound bites you.
Prince Ribbit hits Grinder.
Grinder closely misses Prince Ribbit.
Aiming: Charm
Press: ? - help, Shift-Dir - straight line, f/p - Prince Ribbit
Aim: Prince Ribbit (lightly wounded, ally target, chance to affect: 31%)
The hound resists with significant effort.
Prince Ribbit blinks!
The hound closely misses you. The orc completely misses you.
The hound attacks as you move away! The hound barely misses you.
This is a scroll of acquirement!
You see here a manual of Fighting.
Something appears at your feet! The hound bites you.
* * * LOW HITPOINT WARNING * * *
The jackal bites you but does no damage.
The hound bites you.
* * * LOW HITPOINT WARNING * * *
Something completely misses Prince Ribbit.
The jackal bites you.
* * * LOW HITPOINT WARNING * * *
It was a potion of might.
You feel very mighty all of a sudden.
Prince Ribbit blinks!
The hound bites you.
* * * LOW HITPOINT WARNING * * *
The jackal misses you.
Okay, then.
The hound attacks as you move away! The hound bites you but does no damage.
The hound bites you.
You die...

## .#. ##.# ... ## ##..##
#### .... #.#
#....####..# ..... ...##
#.!.....### #.....
....####..5F....o##......
#.....##...†...O.h.......
#......†...h..###h.......
......#......$..@........
##...##....#...##........
#.........###............
.......#..# ##!##..#.#...
#.##...#...#...##.#### #.
...##....###..##..#
........###..# #.#
#...#...##...### .#
##O....###..##.##..###


You could see a hound and 2 jackals.

Vanquished Creatures
  An adder (D:5)
  2 jackals (D:5)
3 creatures vanquished.

Vanquished Creatures (collateral kills)
  An adder (D:5)
1 creature vanquished.

Grand Total: 4 creatures vanquished

Notes
Turn   | Place    | Note
-------+----------+-------------------------------------------
     0 | D:5      | Gabide the Draconian Delver began the quest for the Orb.
     0 | D:5      | Reached XP level 1. HP: 19/19 MP: 1/1
     6 | D:5      | Noticed an iguana
    10 | D:5      | Noticed an ogre
    17 | D:6      | Noticed a two-headed ogre
    17 | D:6      | Noticed an orc wizard
    17 | D:6      | Noticed an orc priest
    17 | D:6      | Noticed an orc wizard
    17 | D:6      | Noticed a hound
    17 | D:6      | Found a radiant altar of Vehumet.
    46 | D:5      | Noticed a hound
    80 | D:5      | Identified the +8 falchion of Causality {venom, Int+2}
    86 | D:5      | Noticed Grinder
    98 | D:5      | Noticed Prince Ribbit
    99 | D:5      | Reached XP level 2. HP: 26/26 MP: 2/2
   115 | D:5      | Identified a scroll of acquirement
   115 | D:5      | Acquired a manual of Fighting
   117 | D:5      | Slain by a hound

Illustrated notes

Levels and vault maps discovered:
D:5:      layout_cave_pools, gup_sewer_entry_bubbles, uniq_grinder,
          uniq_crazy_yiuf_cottage, uniq_prince_ribbit1
D:6:      layout_gridville, vehumet_altar_wand_db, st_stairs_10,
          lightli_corner_chamber

Skill      XL: |  1 |
---------------+----+-----
Dodging        | 2 |  2.0
Fighting       | |  3.5
Stealth        | |  4.6
Unarmed Combat | |  2.5

Action                     || total
---------------------------++-------
  Melee: Unarmed           ||    13
         Falchion          ||     1
  Evoke: Wand              ||     7
    Use: Scroll            ||     2
         Potion            ||     2
 Armour: Skin              ||    10
  Dodge: Dodged            ||    36
